 Dungeon Crawl Stone Soup version 0.30.1-11-g7821555f0a (webtiles) character file.

Game seed: 8532460294206151099

487 hawla the Firebug (level 7, -3/55 HPs)
             Began as a Meteoran Fire Elementalist on Dec 25, 2023.
             Was an Initiate of Vehumet.
             Slain by a hornet (17 damage)
             ... while paralysed by a hornet
             ... on level 6 of the Dungeon on Jan 3, 2024.
             The game lasted 00:10:24 (1382 turns).

hawla the Firebug (Meteoran Fire Elementalist)      Turns: 1382, Time: 00:10:25

Health: -3/55      AC:  3    Str:  9    XL:     7   Next: 63%
Magic:  8/15       EV:  2    Int: 23    God:    Vehumet [......]
Gold:   163        SH:  0    Dex: 13    Spells: 8/15 levels left

rFire   . . .        n - +1 mace (holy)
rCold   . . .        (no shield)
rNeg    . . .        a - +0 robe
rPois   .            (no helmet)
rElec   .            (no cloak)
rCorr   .            c - +0 pair of gloves
SInv    +            (no boots)
Will    .....        (no amulet)
Stlth   +            j - ring of see invisible
HPRegen 0.29/turn    (no ring)
MPRegen 0.14/turn

%: random rage (3%)
@: paralysed, lethally poisoned (-3 -> -12), glowing
A: sense surroundings 1, otherworldly, glowing, explore regen, berserk 1, clever
1, robust 1
a: Renounce Religion


You were on level 6 of the Dungeon.
You worshipped Vehumet.
Vehumet was noncommittal.
You visited 2 branches of the dungeon, and saw 7 of its levels.

You collected 163 gold pieces.

Inventory:

Hand Weapons
 n - a +1 mace of holy wrath (weapon)
Armour
 a - a +0 robe (worn)
 c - a +0 pair of gloves (worn)
Jewellery
 j - a ring of see invisible (left hand)
Wands
 g - a wand of paralysis (9) (quivered)
 m - a wand of iceblast (12)
Scrolls
 b - a scroll of teleportation {unknown}
 d - 2 scrolls of summoning {unknown}
 f - a scroll of blinking {unknown}
 h - a scroll of identify {unknown}
 i - a scroll of vulnerability {unknown}
 k - a scroll of noise {unknown}
 l - a scroll of fear {unknown}
 r - a scroll of enchant weapon {unknown}
Potions
 e - 2 potions of lignification {unknown}
 o - a potion of attraction {unknown}
 p - 2 potions of curing {unknown}
 q - a potion of brilliance {unknown}


   Skills:
 + Level 0.1 Fighting
 + Level 3.0 Dodging
 - Level 1.4 Stealth
 + Level 4.8 Spellcasting
 + Level 5.1 Conjurations
 + Level 5.6 Fire Magic
 + Level 3.0 Evocations


You had 8 spell levels left.
You knew the following spells:

 Your Spells              Type           Power      Damage    Failure   Level
a - Foxfire               Conj/Fire      100%       2x1d9     1%          1
b - Scorch                Fire           62%        2d8       1%          2
c - Flame Wave            Conj/Fire      30%        2d9       11%         4

Your spell library contained the following spells:

 Spells                   Type           Power      Damage    Failure   Level
 Inner Flame              Hex/Fire       18%        N/A       9%          3
 Volatile Blastmotes      Fire/Tloc      36%        2d13      9%          3


Dungeon Overview and Level Annotations

Branches:
Dungeon (6/15) Zot: 2310   Temple (1/1) D:5 Zot: 500

Altars:
Cheibriados
Kikubaaqudgha
Makhleb
Ru
Vehumet
Wu Jian


Innate Abilities, Weirdness & Mutations

You passively map a small area around you.
You are easily found by Zot.
You glow in the dark.
You regain HP and MP as you explore.
You sometimes lose your temper in combat.
Your mind is acute. (Int +4, Str/Dex -1)
You are robust. (+10% HP)


Message History

You conjure some foxfire!
Casting: Foxfire (safe; 1% risk of failure)
Confirm with . or Enter, or press ? or * to list all spells.
You conjure some foxfire!
Casting: Foxfire (safe; 1% risk of failure)
Confirm with . or Enter, or press ? or * to list all spells.
Flames lash the hornet.
The hornet is lightly wounded.
The hornet's fire resistance burns away.
The foxfire hits the hornet.
The hornet is burned terribly!
The hornet is lightly wounded.
The foxfire hits the hornet but does no damage.
The hornet is lightly wounded.
The foxfire hits the hornet.
The hornet is burned terribly!
The hornet is moderately wounded.
The foxfire hits the hornet but does no damage.
The hornet is moderately wounded.
The hornet closely misses you. The hornet stings you!
You feel yourself slow down.
Casting: Scorch (safe; 1% risk of failure)
Confirm with . or Enter, or press ? or * to list all spells.
Flames lash the hornet.
The hornet is burned terribly!
The hornet is severely wounded.
The hornet misses you. The hornet stings you.
You feel as though you will be slow longer.
Unknown command.
You feel yourself speed up. The hornet barely misses you.
Casting: Scorch (safe; 1% risk of failure)
Confirm with . or Enter, or press ? or * to list all spells.
Flames lash the hornet.
The hornet is burned terribly!
The hornet is severely wounded.
The hornet stings you!
You suddenly lose the ability to move!
The hornet stings you!
You are poisoned.
You feel yourself slow down.
You feel yourself speed up.
You feel very sick. The hornet stings you!
You die...

,, , , , , ,. , ,, , . ,
. , * , , ,, .. , ,. , ,
... + ############# ....,
* ##...##......# ....., ,
#....#.......#......
#....#.......'......, ,
#....'.....@y#......
#######...##+###### .....
#....##...#........,,....
,, #.........+........
... , #.........#........
.. #.........#....<..., $
#.........#........ ,
#....###'##........
#....##......######


You could see a hornet (combustible).

Vanquished Creatures
  An ogre (D:5)
  2 scorpions
  A hound (D:6)
  A jelly (D:4)
  2 orc priests (D:5)
  Ijyb (D:5)
  2 orc wizards (D:5)
  2 adders
  A white imp (D:5)
  An ufetubus (D:5)
  A dart slug (D:1)
  10 orcs (D:5)
  A bat (D:1)
  An endoplasm (D:1)
  3 giant cockroaches
  4 goblins
  3 hobgoblins (D:1)
  3 jackals (D:1)
  2 kobolds
  A quokka (D:1)
43 creatures vanquished.

Vanquished Creatures (others)
  An orc wizard (D:5)
  93 foxfires
94 creatures vanquished.

Grand Total: 137 creatures vanquished

Notes
Turn   | Place    | Note
-------+----------+-------------------------------------------
     0 | D:1      | hawla the Meteoran Fire Elementalist began the quest for
                  | the Orb.
     0 | D:1      | Reached XP level 1. HP: 14/14 MP: 5/5
    45 | D:1      | Reached XP level 2. HP: 20/20 MP: 0/6
   105 | D:1      | Reached XP level 3. HP: 23/26 MP: 2/8
   146 | D:1      | Learned a level 2 spell: Scorch
   393 | D:4      | Noticed a scorpion
   400 | D:4      | Gained mutation: Your mind is acute. (Int +4, Str/Dex -1)
                  | [potion of mutation]
   400 | D:4      | Gained mutation: You sometimes lose your temper in combat.
                  | [potion of mutation]
   400 | D:4      | Gained mutation: You are robust. (+10% HP) [potion of
                  | mutation]
   403 | D:4      | Killed a scorpion
   404 | D:4      | Reached XP level 4. HP: 13/36 MP: 0/10
   404 | D:4      | Reached XP level 5. HP: 15/41 MP: 0/11
   792 | D:4      | Learned a level 4 spell: Flame Wave
   807 | D:5      | Entered Level 5 of the Dungeon
   815 | D:5      | Reached XP level 6. HP: 49/49 MP: 7/12
   850 | D:6      | Found an ancient bone altar of Kikubaaqudgha.
   896 | D:5      | Reached skill level 5 in Fire Magic
   987 | D:5      | Noticed an ogre
   992 | D:5      | Killed an ogre
   993 | D:5      | Reached XP level 7. HP: 55/55 MP: 7/14
  1147 | D:5      | Noticed Ijyb
  1149 | D:5      | Killed Ijyb
  1153 | D:5      | Found a staircase to the Ecumenical Temple.
  1205 | Temple   | Entered the Ecumenical Temple
  1286 | Temple   | Became a worshipper of Vehumet
  1343 | D:6      | Reached skill level 5 in Conjurations
  1375 | D:6      | Noticed a hornet
  1381 | D:6      | Paralysed by a hornet for 2 turns
  1382 | D:6      | Slain by a hornet

Illustrated notes

Levels and vault maps discovered:
D:1:      amcnicky_arrival_double_pillar, layout_basic
D:2:      minmay_diamond_boxcup, layout_rooms, minmay_fractal_squares_5
D:3:      layout_loops_corners, gammafunk_temple_overflow_pools
D:4:      layout_basic
D:5:      wander_river, layout_basic, gammafunk_temple_overflow_statue,
          minmay_temple_entry_junction, chequers_mini_garden, minmay_between,
          uniq_ijyb
D:6:      layout_gridville, kiku_gazebo_pond_becter, amcnicky_altar_gilded
Temple:   oiseaux_autumnal_temple

Skill      XL: |  1  2  3  4  5  6  7 |
---------------+----------------------+-----
Fire Magic     | 4 5 |  5.6
Spellcasting   | 3 4 |  4.8
Evocations     | 3 |  3.0
Conjurations   | 3 4 5 |  5.1
Dodging        | 3 |  3.0
Fighting       | |  0.1
Stealth        | |  1.4

Action                     |  1- 3 |  4- 6 |  7- 9 || total
---------------------------+-------+-------+-------++-------
  Melee: Unarmed           |    18 |    10 |       ||    28
         Punch             |     1 |       |       ||     1
   Cast: Foxfire           |    29 |    18 |     9 ||    56
         Scorch            |     6 |     9 |     8 ||    23
         Flame Wave        |       |       |     3 ||     3
  Evoke: Wand              |       |     1 |     2 ||     3
    Use: Potion            |     3 |     2 |       ||     5
   Stab: Paralysed         |       |     3 |       ||     3
 Armour: Robe              |    13 |     2 |     2 ||    17
  Dodge: Dodged            |    39 |    13 |     3 ||    55
